 Dungeon Crawl Stone Soup version 0.28.0-47-ge53b351184 (webtiles) character file.

Game seed: 18268221506986325583

2242 bobregger the Basher (level 9, 0/126 HPs)
             Began as an Ogre Berserker on May 5, 2022.
             Was a Priest of Trog.
             Slain by an orc knight
             ... wielding a +0 war axe
              (13 damage)
             ... in a bailey.
             The game lasted 00:10:12 (7998 turns).

bobregger the Basher (Ogre Berserker)               Turns: 7998, Time: 00:10:13

Health: 0/126      AC:  6    Str: 23    XL:     9   Next: 37%
Magic:  9/9        EV: 10    Int:  8    God:    Trog [***...]
Gold:   49         SH:  0    Dex: 12    Spells: 8/8 levels left

rFire   + . .      SeeInvis .   m - +0 flail
rCold   . . .      Faith    .   (no shield)
rNeg    . . .      Spirit   .   u - +2 robe of Undesirable Species {rF+}
rPois   .          Reflect  .   (helmet restricted)
rElec   .          Harm     .   r - +0 cloak
rCorr   .          Rampage  .   (gloves unavailable)
Will    +....                   (boots unavailable)
Stlth   ..........              (no amulet)
HPRegen 0.31/turn               (no ring)
MPRegen 0.11/turn               (no ring)

@: berserking, flying, very quick
A: large, unfitting armour, tough skin 1, claws 1, high MP 1, strong-willed 1
a: Renounce Religion, Berserk, Trog's Hand


You were in a bailey.
You worshipped Trog.
Trog was most pleased with you.
You visited 1 branch of the dungeon, and saw 8 of its levels.
You also visited: Bailey.

You collected 364 gold pieces.
You spent 315 gold pieces at shops.

Inventory:

Hand Weapons
 m - a +0 flail (weapon)
Missiles
 g - 2 throwing nets (quivered)
Armour
 r - a +0 cloak (worn)
 u - the +2 robe of Undesirable Species (worn) {rF+}
   (You found it on level 3 of the Dungeon)

   rF:        It protects you from fire.
Jewellery
 f - a ring of flight
 C - an amulet of magic regeneration
Wands
 q - a wand of flame (38)
Scrolls
 a - a scroll of vulnerability {unknown}
 b - a scroll of summoning {unknown}
 c - 7 scrolls of teleportation {unknown}
 d - a scroll of fear {unknown}
 i - a scroll of torment {unknown}
 j - a scroll of enchant armour {unknown}
 k - 2 scrolls of identify
 l - a scroll of blinking {unknown}
 p - a scroll of brand weapon {unknown}
 s - a scroll of amnesia {unknown}
 t - 3 scrolls of enchant weapon
 x - 2 scrolls of magic mapping {unknown}
 A - a scroll of immolation {unknown}
Potions
 e - 2 potions of degeneration
 h - 4 potions of curing
 n - a potion of berserk rage
 v - a potion of resistance
 w - 2 potions of mutation


   Skills:
 - Level 4.0 Fighting
 + Level 11.5 Maces & Flails
 - Level 2.6 Dodging


You had 8 spell levels left.
You didn't know any spells.
Your spell library was empty.

Dungeon Overview and Level Annotations

Branches:
Dungeon (8/15)             Temple (0/1) D:5          Bailey (1/1)
   Lair: D:8-11

Altars:
Ru
Sif Muna

Shops:
D:1 !   D:7 ?   D:8 *


Innate Abilities, Weirdness & Mutations

You are too large for most types of armour.
You have tough skin. (AC +1)
You have sharp fingernails.
You have an increased reservoir of magic. (+10% MP)
You are strong-willed. (Will+)


Message History

The orc warrior no longer looks unusually strong.
The orc warrior completely misses you.
You closely miss the orc warrior.
The orc warrior is lightly wounded.
The orc warrior closely misses you.
You feel much better.
A red film seems to cover your vision as you go berserk!
You feel yourself moving faster!
You feel mighty!
You miss the orc knight. You sock the orc knight!
The orc knight is moderately wounded.
The orc knight hits you with a +0 war axe!
The orc warrior hits you with a +0 war axe!
You sock the orc knight!
The orc knight is moderately wounded.
The orc knight hits you with a +0 war axe!!
You sock the orc knight!
The orc knight is severely wounded.
The orc warrior grunts repeatedly.
The orc warrior hits you with a +0 war axe!
You closely miss the orc knight.
The orc knight is severely wounded.
The orc knight hits you with a +0 war axe!!
* * * LOW HITPOINT WARNING * * *
The orc warrior hits you with a +0 war axe.
* * * LOW HITPOINT WARNING * * *
You barely miss the orc knight.
The orc knight is severely wounded.
You sock the orc knight!
The orc knight is almost dead.
The orc knight roars a battlecry!
The orc warrior goes into a battle-frenzy!
The orc warrior hits you with a +0 war axe!!
* * * LOW HITPOINT WARNING * * *
You hit the orc knight but do no damage.
The orc knight is almost dead.
You sock the orc knight!
The orc knight is almost dead.
The orc knight hits you with a +0 war axe!
You die...

#........≈≈≈≈≈≈≈≈.#
####.............#
####...o..∩..#
###.......##
####...).##
####(..## ##...###
##oo...##
##.@.....##
#.........#
#....∩....#
#.........#
##.......##
###...### #####


You could see an orc knight and an orc warrior (strong).

Vanquished Creatures
  Prince Ribbit (D:5)
  Sigmund (D:2)
  A water moccasin (D:7)
  2 ice beasts
  2 orc warriors (D:6)
  A black bear (D:7)
  A sky beast (D:7)
  A centaur (D:6)
  An ogre (D:6)
  A gnoll sergeant (D:8)
  2 bullfrogs (D:6)
  3 scorpions
  3 hounds
  A jelly (D:5)
  A bullfrog zombie (D:6)
  Crazy Yiuf (D:2)
  A centaur skeleton (D:4)
  An orc priest (D:6)
  Jessica (D:2)
  Terence (D:2)
  3 bullfrog skeletons
  4 orc wizards
  A hound skeleton (D:4)
  2 howler monkey zombies (D:6)
  8 gnolls
  4 adders
  2 white imps
  2 adder skeletons
  2 dart slugs
  10 orcs
  3 ball pythons
  6 endoplasms
  3 giant cockroaches
  4 goblins
  5 hobgoblins
  8 jackals
  6 quokkas
  3 bats
  3 frilled lizards (D:3)
  10 kobolds
  A rat (D:1)
117 creatures vanquished.

Notes
Turn   | Place    | Note
-------+----------+-------------------------------------------
     0 | D:1      | bobregger the Ogre Berserker began the quest for the Orb.
     0 | D:1      | Reached XP level 1. HP: 24/24 MP: 1/1
    33 | D:1      | Found Folyrchiy's Distillery.
    86 | D:1      | Found a faded altar of an unknown god.
   155 | D:1      | Reached skill level 3 in Maces & Flails
   272 | D:1      | Reached XP level 2. HP: 14/32 MP: 2/2
   723 | D:1      | Reached XP level 3. HP: 36/39 MP: 3/3
  1186 | D:2      | Noticed Sigmund
  1202 | D:2      | Killed Sigmund
  1203 | D:2      | Reached skill level 5 in Maces & Flails
  1203 | D:2      | Reached XP level 4. HP: 36/48 MP: 4/4
  1203 | D:2      | Reached XP level 5. HP: 41/54 MP: 5/5
  1363 | D:2      | Reached ** piety under Trog
  1365 | D:2      | Noticed Terence
  1376 | D:2      | Killed Terence
  1485 | D:2      | Found a shimmering blue altar of Sif Muna.
  1615 | D:2      | Reached XP level 6. HP: 58/62 MP: 6/6
  1921 | D:2      | Noticed Jessica
  1934 | D:2      | Killed Jessica
  1935 | D:2      | Reached skill level 6 in Maces & Flails
  2129 | D:2      | Found a runed translucent door.
  2130 | D:2      | Noticed Crazy Yiuf
  2250 | D:2      | Killed Crazy Yiuf
  2562 | D:3      | Identified the +2 robe of Undesirable Species {rF+}
  3387 | D:4      | Noticed an ice beast
  3398 | D:4      | Killed an ice beast
  3399 | D:4      | Reached skill level 7 in Maces & Flails
  3399 | D:4      | Reached XP level 7. HP: 70/70 MP: 7/7
  3885 | D:5      | Entered Level 5 of the Dungeon
  4030 | D:5      | Reached skill level 8 in Maces & Flails
  4081 | D:5      | Noticed Prince Ribbit
  4859 | D:5      | Killed Prince Ribbit
  4860 | D:5      | Reached XP level 8. HP: 31/78 MP: 8/8
  5259 | D:5      | Found a sacrificial altar of Ru.
  5269 | D:5      | Found a staircase to the Ecumenical Temple.
  5425 | D:6      | Reached skill level 9 in Maces & Flails
  5933 | D:6      | Reached skill level 10 in Maces & Flails
  6244 | D:6      | Reached XP level 9. HP: 78/84 MP: 9/9
  6922 | D:7      | Found Haeskigg's Magic Scroll Shop.
  6937 | D:7      | Reached skill level 11 in Maces & Flails
  6972 | D:7      | Bought 3 scrolls of enchant weapon for 315 gold pieces
  7718 | D:8      | Found a flagged portal.
  7732 | D:8      | Found Pifagg's Assorted Antiques.
  7736 | D:8      | Gained mutation: You have an increased reservoir of magic.
                  | (+10% MP) [potion of mutation]
  7736 | D:8      | Gained mutation: You have sharp fingernails. [potion of
                  | mutation]
  7736 | D:8      | Gained mutation: You are strong-willed. (Will+) [potion of
                  | mutation]
  7785 | Bailey   | Entered a bailey
  7956 | Bailey   | Reached *** piety under Trog
  7965 | Bailey   | Noticed an orc knight
  7998 | Bailey   | Slain by an orc knight

Illustrated notes

Levels and vault maps discovered:
D:1:      lightli_arrival_statue_moat, layout_loops_ring,
          ebering_ecumenical_altar_sacrificial, serial_shops,
          nicolae_square_shop, minmay_misc_feat_plants, minmay_octomino_j4
D:2:      layout_loops_ring, basic_altar, kennysheep_generic_room_6,
          uniq_jessica, uniq_crazy_yiuf_cottage, uniq_terence, uniq_sigmund
D:3:      layout_loops_ring
D:4:      layout_loops_ring
D:5:      layout_rooms, nicolae_ru_path_of_blood, temple_statues,
          hangedman_decor_riveting, uniq_prince_ribbit1
D:6:      layout_loops_corners
D:7:      layout_loops_ring, serial_shops,
          nicolae_shop_temple_entry_statues_fountains
D:8:      layout_basic, serial_shops, nicolae_take_the_stairs, enter_bailey_6
Bailey:   bailey_axe_4, bailey

Skill      XL: |  1  2  3  4  5  6  7  8  9 |
---------------+----------------------------+-----
Maces & Flails | 3 5 7 8 10 11 | 11.5
Fighting       | |  4.0
Dodging        | |  2.6

Action                   |  1- 3 |  4- 6 |  7- 9 || total
-------------------------+-------+-------+-------++-------
Melee: Mace              |    74 |    18 |       ||    92
       Flail             |       |    76 |   254 ||   330
       Punch             |       |     2 |     4 ||     6
Invok: Berserk           |     1 |     5 |     9 ||    15
Evoke: Wand              |       |       |    19 ||    19
  Use: Potion            |       |     1 |    12 ||    13
       Scroll            |       |       |     5 ||     5
Armor: Animal skin       |    32 |    12 |       ||    44
       Robe              |       |    22 |    80 ||   102
       Skin              |       |       |     8 ||     8
Dodge: Dodged            |    52 |    50 |   129 ||   231
